 Dungeon Crawl Stone Soup version 0.26-b1-59-ge38874ec40 (webtiles) character file.

Game seed: 2622203953561300263

30 oldmanjim the Caller (level 3, -3/26 HPs)
             Began as a Formicid Summoner on Jan 9, 2021.
             Slain by an ogre
             ... wielding a cursed -3 giant club
              (29 damage)
             ... on level 2 of the Dungeon.
             The game lasted 00:08:10 (1582 turns).

oldmanjim the Caller (Formicid Summoner)            Turns: 1582, Time: 00:08:11

Health: -3/26      AC:  5    Str: 13    XL:     3   Next: 35%
Magic:  7/7        EV: 10    Int: 14    God:
Gold:   69         SH:  0    Dex: 11    Spells: 6/7 levels left

rFire    . . .     SeeInvis +   b - +0 dagger
rCold    . . .     Faith    .   (no shield)
rNeg     . . .     Spirit   .   m - +0 ring mail
rPois    .         Reflect  .   (helmet unavailable)
rElec    .         Harm     .   (no cloak)
rCorr    .         Rampage  .   (no gloves)
Will     .....                  (no boots)
Stlth    +.........             (no amulet)
HPRegen  0.08/turn              (no ring)
MPRegen  0.10/turn              (no ring)

@: no status effects
A: permanent stasis, dig shafts and tunnels, four strong arms, antennae 3
a: Dig, Shaft Self


You were on level 2 of the Dungeon.
You visited 1 branch of the dungeon, and saw 2 of its levels.

You collected 69 gold pieces.

Inventory:

Hand Weapons
 b - a +0 dagger (weapon)
 e - a +0 mace
Missiles
 g - 54 stones
 h - 20 sling bullets
Armour
 a - a +0 robe
 m - a +0 ring mail (worn)
Scrolls
 f - a scroll of remove curse {unknown}
 j - 2 scrolls of amnesia {unknown}
 k - 2 scrolls of identify {unknown}
Potions
 c - a potion of degeneration {unknown}
 i - a potion of cancellation {unknown}
 l - a potion of might {unknown}


   Skills:
 + Level 1.4 Fighting
 - Level 1.8 Dodging
 + Level 3.2 Stealth
 + Level 2.7 Spellcasting
 - Level 4.0 Summonings


You had 6 spell levels left.
You knew the following spells:

 Your Spells              Type           Power        Failure   Level
a - Summon Small Mammal   Summ           52%          10%         1

Your spell library contained the following spells:

 Spells                   Type           Power        Failure   Level
 Call Imp                 Summ           13%          14%         2
 Call Canine Familiar     Summ           13%          28%         3
 Summon Guardian Golem    Hex/Summ       7%           54%         3
 Summon Ice Beast         Ice/Summ       7%           91%         4
 Summon Lightning Spire   Summ/Air       7%           91%         4


Dungeon Overview and Level Annotations

Branches:
Dungeon (2/15)

Altars:
Xom


Innate Abilities, Weirdness & Mutations

You cannot be hasted, slowed, berserked, paralysed or teleported.
You can dig through walls and to a lower floor.
Your four strong arms can wield two-handed weapons with a shield.
You have a pair of large antennae on your head. (SInv)


Message History

The bat hits you but does no damage. The bat misses you.
Found a hat.
You barely miss the bat.
The bat is severely wounded.
The bat hits you but does no damage. The bat hits you but does no damage.
An ogre comes into view. It is wielding a -3 giant club.
The ooze quivers.
The bat hits you but does no damage. The bat hits you but does no damage.
The ogre misses you.
You see here a hat.
You hit the ogre.
The ogre is lightly wounded.
The bat hits you but does no damage. The bat closely misses you.
You hit the ogre but do no damage.
The ogre is lightly wounded.
The bat barely misses you.
The ogre hits you with a cursed -3 giant club!!
Ouch! That really hurt!
You die...

.. . + ... #.
.#...
.##.#######.#.###
.....JO@b.......
###....##.#.#.##
#......+....#
.#....##.###
#....<..#
#.....#.#
#.....#.#
#.....#.#
..[..#.#.#


You could see an ogre, an ooze and a bat.

Vanquished Creatures
  A dart slug (D:1)
  6 bats (D:1)
  A giant cockroach (D:1)
  5 goblins (D:1)
  2 hobgoblins (D:1)
  2 jackals (D:1)
  A kobold (D:1)
  A ball python (D:1)
  A frilled lizard (D:1)
  5 rats (D:1)
25 creatures vanquished.

Notes
Turn   | Place    | Note
-------+----------+-------------------------------------------
     0 | D:1      | oldmanjim the Formicid Summoner began the quest for the
                  | Orb.
     0 | D:1      | Reached XP level 1. HP: 13/13 MP: 3/3
   312 | D:1      | Reached XP level 2. HP: 6/20 MP: 5/5
   771 | D:1      | Reached skill level 1 in Fighting
   942 | D:1      | Reached XP level 3. HP: 17/26 MP: 6/6
  1262 | D:1      | Found a shimmering altar of Xom.
  1579 | D:2      | Noticed an ogre
  1582 | D:2      | Slain by an ogre

Illustrated notes

Levels and vault maps discovered:
D:1:      dpeg_arrival_subterranean_lakeside_camping, layout_loops_ring,
          xom_teletrap_fun
D:2:      layout_basic, serial_glass, glass_columns_a, glass_columns_a

Skill      XL: |  1  2 |
---------------+-------+-----
Fighting       | 1 |  1.4
Stealth        | 3 |  3.2
Dodging        | |  1.8
Spellcasting   | |  2.7
Summonings     | |  4.0

Action                   || total
-------------------------++-------
Melee: Dagger            ||   102
 Cast: Summon Small Mamm ||     2
 Stab: Sleeping          ||     7
Armor: Robe              ||    27
       Ring mail         ||     7
Dodge: Dodged            ||    64
